 Dungeon Crawl Stone Soup version 0.14-a0-736-g2a71271 (webtiles) character file.

438 HungrySpirit the Chopper (level 6, -4/43 HPs)
             Began as a Formicid Fighter on Nov 7, 2013.
             Slain by an ogre
             ... wielding a cursed +0,+0 giant club
              (16 damage)
             ... on Level 4 of the Dungeon.
             The game lasted 00:05:44 (3880 turns).

HungrySpirit the Chopper (Formicid Fighter)         Turns: 3880, Time: 00:05:45

HP  -4/43        AC  7     Str 23      XL: 6   Next: 79%
MP   5/5         EV  6     Int  7      God:
Gold 111         SH 18     Dex 10      Spells:  0 memorised,  5 levels left

Res.Fire  : . . .   See Invis. : .   a - +0 hand axe
Res.Cold  : . . .   Warding    : .   b - +0 scale mail
Life Prot.: . . .   Conserve   : .   c - +0 shield
Res.Poison: x       Res.Corr.  : .   (helmet restricted)
Res.Elec. : .       Clarity    : .   (no cloak)
Sust.Abil.: . .     Spirit.Shd : .   (no gloves)
Res.Mut.  : .       Stasis     : +   (no boots)
Res.Rott. : .       Flight     : .   (no amulet)
Saprovore : . . .                    (no ring)
                                     (no ring)

@: slightly resistant to hostile enchantments, extremely unstealthy
A: permanent stasis, dig shafts and tunnels, four strong arms, poison weakness,
antennae 1, exoskeleton 1
a: Dig, Shaft Self


You were on level 4 of the Dungeon.
You were hungry.

You visited 1 branch of the dungeon, and saw 4 of its levels.

You collected 111 gold pieces.

Inventory:

Hand weapons
 a - a +0,+0 hand axe (weapon)
Armour
 b - a +0 scale mail (worn)
 c - a +0 shield (worn)
Magical devices
 k - a wand of confusion (8) {unknown}
 q - a wand of heal wounds (4) {unknown}
Comestibles
 d - 5 bread rations
 l - a snozzcumber
Scrolls
 h - 2 scrolls of identify
 m - 3 scrolls of fog {unknown}
 o - a scroll of amnesia {unknown}
Potions
 e - a potion of invisibility {unknown}
 f - a potion of curing
 g - 2 potions of heal wounds {unknown}
 i - a potion of slowing {unknown}
 n - a potion of speed {unknown}


   Skills:
 - Level 3.0 Fighting
 + Level 6.7 Axes
 - Level 3.6 Armour
 - Level 3.0 Shields


You had 5 spell levels left.
You didn't know any spells.

Dungeon Overview and Level Annotations

Branches:
Dungeon (4/27)
 Temple: D:4-7

Altars:
Trog
Yredelemnul


Innate Abilities, Weirdness & Mutations

Your are under a permanent stasis effect.
You can dig through walls and to a lower floor.
Your four strong arms can wield any weapon, most with a shield.
You are susceptible to poison.
You have a pair of small antennae on your head.
Your body is surrounded by an exoskeleton. (HP +5, AC +1)


Message History

The phantom hits you but does no damage.
You hit the phantom but do no damage. You block the phantom's attack.
You hit the phantom but do no damage. The phantom hits you.
You hit the phantom but do no damage. The phantom hits you.
You block the ogre's attack. You block the ogre's attack.
The phantom blinks!
You hit the ogre but do no damage. The ogre hits you with a giant club!
You hit the ogre.
The ogre is lightly wounded.
The ogre hits you with a giant club!
* * * LOW HITPOINT WARNING * * *
You hit the ogre.
The ogre is lightly wounded.
You block the ogre's attack.
You hit the ogre but do no damage.
The ogre is lightly wounded.
You closely miss the ogre.
The ogre is lightly wounded.
The ogre hits you with a giant club!
You die...

#.... #.....#..... #
....#.....#...... #..
..+.....#.......
#....#.#.#.#.#.#.#.#.
#....................
######.#J#.#.#.#.#.#.
............<........
###.#.#.#.#p#.#.#.#.#.
#........JO@........
#....##########...##
#.... # #.... .... ...


You could see a phantom, an ogre and an ooze.

Vanquished Creatures
  An ogre (D:3)
  The ghost of PolkaDot the Ruinous, an average DgCj (D:3)
  Ijyb (D:2)
  4 adders
  3 gnolls (D:3)
  A worm (D:2)
  5 giant geckos
  4 orcs (D:3)
  13 bats
  3 giant cockroaches
  4 hobgoblins
  6 jackals (D:3)
  9 kobolds
  2 quokkas (D:3)
  A ball python (D:1)
  A giant newt (D:2)
  9 goblins
  7 rats
75 creatures vanquished.

Notes
Turn   | Place    | Note
--------------------------------------------------------------
     0 | D:1      | HungrySpirit, the Formicid Fighter, began the quest for the Orb.
     0 | D:1      | Reached XP level 1. HP: 19/19 MP: 0/0
   214 | D:1      | Reached XP level 2. HP: 22/24 MP: 1/1
   615 | D:1      | Reached XP level 3. HP: 29/29 MP: 2/2
   924 | D:2      | Found a basalt altar of Yredelemnul.
  1187 | D:2      | Noticed Ijyb
  1204 | D:2      | Killed Ijyb
  1204 | D:2      | Reached skill level 4 in Axes
  1204 | D:2      | Reached XP level 4. HP: 14/33 MP: 3/3
  2401 | D:3      | Noticed an ogre
  2412 | D:3      | Killed an ogre
  2412 | D:3      | Reached skill level 5 in Axes
  2412 | D:3      | Reached XP level 5. HP: 4/37 MP: 4/4
  2855 | D:3      | Reached XP level 6. HP: 39/43 MP: 5/5
  2908 | D:3      | Noticed PolkaDot's ghost (average DgCj)
  2927 | D:3      | Killed PolkaDot's ghost
  2927 | D:3      | Reached skill level 6 in Axes
  3410 | D:3      | Found a bloodstained altar of Trog.
  3880 | D:4      | Slain by an ogre

Action                   |  1- 3 |  4- 6 || total
-------------------------+-------+-------++-------
Melee: Hand axe          |   111 |   235 ||   346
  Use: Scroll            |       |     4 ||     4
       Potion            |       |     2 ||     2
